 Dungeon Crawl Stone Soup version 0.26.0-10-g1f06aea511 (webtiles) character file.

Game seed: 17107777354914790871

72 funkygono the Conjurer (level 4, -3/33 HPs)
             Began as a Draconian Conjurer on Feb 3, 2021.
             Killed by divine providence
             ... invoked by an orc priest
              (14 damage)
             ... on level 2 of the Dungeon.
             The game lasted 00:02:19 (1114 turns).

funkygono the Conjurer (Draconian Conjurer)         Turns: 1114, Time: 00:02:20

Health: -3/33      AC:  5    Str:  9    XL:     4   Next: 6%
Magic:  1/7        EV: 12    Int: 20    God:
Gold:   68         SH:  0    Dex:  9    Spells: 4/7 levels left

rFire    . . .     SeeInvis .   b - +0 short sword
rCold    . . .     Faith    .   (no shield)
rNeg     . . .     Spirit   .   (armour unavailable)
rPois    .         Reflect  .   (helmet restricted)
rElec    .         Harm     .   (no cloak)
rCorr    .         Rampage  .   (no gloves)
Will     .....                  (no boots)
Stlth    ++........             (no amulet)
HPRegen  0.11/turn              (no ring)
MPRegen  0.10/turn              (no ring)

@: no status effects
A: unfitting armour, cold-blooded, AC +5
a: no special abilities


You were on level 2 of the Dungeon.
You visited 1 branch of the dungeon, and saw 2 of its levels.

You collected 68 gold pieces.

Inventory:

Hand Weapons
 b - a +0 short sword (weapon)
Missiles
 c - a stone
Scrolls
 e - a scroll of teleportation {unknown}
Potions
 a - a potion of curing
 d - a potion of lignification {unknown}


   Skills:
 + Level 1.8 Dodging
 + Level 2.0 Stealth
 * Level 2.2 Spellcasting
 * Level 5.4 Conjurations


You had 4 spell levels left.
You knew the following spells:

 Your Spells              Type           Power        Failure   Level
a - Magic Dart            Conj           92%          1%          1
b - Searing Ray           Conj           46%          2%          2

Your spell library contained the following spells:

 Spells                   Type           Power        Failure   Level
 Dazzling Flash           Conj/Hex       26%          16%         3
 Fulminant Prism          Conj/Hex       6%           45%         4
 Iskenderun's Mystic Bla  Conj/Tloc      13%          45%         4


Dungeon Overview and Level Annotations

Branches:
Dungeon (2/15)

Altars:
Kikubaaqudgha
Qazlal


Innate Abilities, Weirdness & Mutations

Your plain brown scales are hard. (AC +5)
You cannot fit into any form of body armour.
You are cold-blooded and may be slowed by cold attacks.


Message History

Aim: an orc priest, wielding a +0 dagger (0% to evade)
The magic dart hits the orc priest.
The orc priest is moderately wounded.
You closely miss the orc priest.
The orc priest is moderately wounded.
The orc priest barely misses you.
You hit the orc priest.
The orc priest is heavily wounded.
The orc misses you.
The orc priest hits you but does no damage.
You hit the orc priest.
The orc priest is severely wounded.
The orc hits you with a +0 whip.
The orc priest hits you with a +0 dagger.
The orc barely misses you.
You completely miss the orc priest.
Your tail-slap misses the orc priest.
The orc priest is severely wounded.
The orc priest invokes the aid of Beogh against you.
Beogh smites you!
You die...

#.#.#.# ######## #.#.#.#.#
########### .......###.#.#.#.#
#.........#
######.....#.#.#.###.........#
......o..............>.......#
.........#.#.###.............#
###.####.#o#.................#
#. #.#.#...o.............# #.
#.#.+...o@......####### .o
#.###.....####'## o. #.#
#.....# #.# o.. ... #.....#
#.# ..o ##. #.....# #.#
####### #.###########
#.........(.# #.##........#
#.##...[....#


You could see an orc priest and an orc.

Vanquished Creatures
  An orc wizard (D:2)
  An ufetubus (D:2)
  An ooze (D:1)
  2 dart slugs
  2 leopard geckos (D:1)
  8 bats
  A giant cockroach (D:1)
  5 goblins
  A hobgoblin (D:1)
  2 jackals (D:1)
  A kobold (D:1)
  A frilled lizard (D:1)
  4 rats (D:1)
30 creatures vanquished.

Notes
Turn   | Place    | Note
-------+----------+-------------------------------------------
     0 | D:1      | funkygono the Draconian Conjurer began the quest for the
                  | Orb.
     0 | D:1      | Reached XP level 1. HP: 14/14 MP: 3/3
   270 | D:1      | Reached XP level 2. HP: 20/20 MP: 1/5
   273 | D:1      | Learned a level 2 spell: Searing Ray
   589 | D:1      | Reached XP level 3. HP: 26/26 MP: 2/6
   717 | D:1      | Reached skill level 5 in Conjurations
   960 | D:2      | Found an ancient bone altar of Kikubaaqudgha.
  1011 | D:2      | Found a stormy altar of Qazlal.
  1103 | D:2      | Reached XP level 4. HP: 28/33 MP: 1/7
  1114 | D:2      | Killed from afar by an orc priest

Illustrated notes

Levels and vault maps discovered:
D:1:      dpeg_arrival_oval, layout_basic, minmay_pentomino_t2
D:2:      layout_basic, overflow_temple_1_default,
          nicolae_overflow_crystal_walls, minmay_distorted,
          uniq_crazy_yiuf_cottage

Skill      XL: |  1  2  3 |
---------------+----------+-----
Conjurations   | 5 |  5.4
Stealth        | 2 |  2.0
Dodging        | |  1.8
Spellcasting   | |  2.2

Action                   |  1- 3 |  4- 6 || total
-------------------------+-------+-------++-------
Melee: Short sword       |     5 |     4 ||     9
       Tailslap          |     1 |       ||     1
 Cast: Magic Dart        |    44 |     1 ||    45
       Searing Ray       |     2 |       ||     2
  Use: Scroll            |     5 |       ||     5
Armor: Skin              |     3 |     1 ||     4
Dodge: Dodged            |    12 |     3 ||    15
